General information
- name: tpnxxx
- type: Custom game
- host: Zith)
- saver: Zith)
map: TerenasStand
- players: 2
- length: 15:14
- speed: Fast
- version: 1.24 W3XP
- replay type: Public
» download(75 KB)
Players
team 1 (winner)
Zith) (
blue | 161 APM | 2449 actions | 15:14)
5 Warden
3 Shadow Strike
2 Fan of Knives
3 Pandaren Brewmaster
2 Breath of Fire
1 Drunken Haze
» actions
| Assign group hotkey | 25 | |
| Basic commands | 17 | |
| Build / train | 56 | |
| Enter build submenu | 20 | |
| Enter hero's abilities submenu | 8 | |
| Give item / drop item | 3 | |
| Remove unit from queue | 1 | |
| Right click | 1273 | |
| Select / deselect | 408 | |
| Select group hotkey | 556 | |
| Use ability | 82 | |
2449 total
» units
| Wisp | 18 | |
| Archer | 6 | |
| Goblin Shredder | 1 | |
| Dryad | 8 | |
| Druid of the Claw | 3 | |
36 total
» upgrades
| Druid of the Claw Training | 2 | |
| Mark of the Claw | 1 | |
| Well Spring | 1 | |
4 total
» buildings
| Altar of Elders | 1 | |
| Moon Well | 6 | |
| Ancient of War | 3 | |
| Tree of Ages | 1 | |
| Hunter's Hall | 1 | |
| Ancient of Wonders | 3 | |
| Ancient of Lore | 3 | |
| Tree of Life | 1 | |
| Tree of Eternity | 1 | |
| Ancient Protector | 1 | |
21 total
» build order
00:04 Altar of Elders
00:14 Moon Well
00:25 Ancient of War
01:38 Moon Well
02:08 Moon Well
02:35 Ancient of War
03:21 Ancient of War
03:41 Moon Well
04:09 Tree of Ages
05:23 Hunter's Hall
05:50 Ancient of Wonders
07:28 Ancient of Lore
07:29 Ancient of Lore
07:31 Ancient of Wonders
07:43 Ancient of Wonders
07:45 Ancient of Lore
08:01 Tree of Life
08:33 Tree of Eternity
08:49 Ancient Protector
13:27 Moon Well
14:03 Moon Well
» items
| Staff of Preservation | 1 | |
| Moonstone | 1 | |
| Orb of Venom | 1 | |
| Scroll of Town Portal | 1 | |
4 total
team 2 (loser)
towerpowernerf (
green | 211 APM | 3206 actions | 15:10)
3 Death Knight
2 Death Coil
1 Unholy Aura
1 Lich
1 Frost Nova
» actions
| Assign group hotkey | 574 | |
| Basic commands | 24 | |
| Build / train | 45 | |
| Enter build submenu | 12 | |
| Enter hero's abilities submenu | 5 | |
| Give item / drop item | 3 | |
| Remove unit from queue | 1 | |
| Right click | 1306 | |
| Select / deselect | 274 | |
| Select group hotkey | 908 | |
| Use ability | 54 | |
3206 total
» units
| Acolyte | 2 | |
| Ghoul | 13 | |
| Gargoyle | 9 | |
| Obsidian Statue | 1 | |
25 total
» upgrades
» buildings
| Crypt | 2 | |
| Ziggurat | 4 | |
| Altar of Darkness | 1 | |
| Tomb of Relics | 1 | |
| Halls of the Dead | 1 | |
| Graveyard | 1 | |
| Slaughterhouse | 1 | |
| Black Citadel | 1 | |
12 total
» build order
00:21 Crypt
00:25 Crypt
00:52 Ziggurat
01:09 Altar of Darkness
02:03 Tomb of Relics
02:22 Ziggurat
03:51 Ziggurat
05:48 Halls of the Dead
05:50 Graveyard
07:50 Ziggurat
08:18 Slaughterhouse
10:55 Black Citadel
» items
| Rod of Necromancy | 3 | |
| Dust of Appearance | 1 | |
| Scroll of Healing | 1 | |
| Orb of Corruption | 1 | |
6 total
Chat log
(07:19 / All) towerpowernerf: penis
(15:09 / All) towerpowernerf: gg